Workbook

Sheet Istruzioni
A1: FONDAZIONE LUCANA FILM COMMISSION — Avviso pubblico «PO Val d’Agri 2026» — CUP C38C26000020005
A3: ALLEGATO 2-bis — PREVENTIVO ANALITICO DEI COSTI E BILANCIO TOTALE DI PRODUZIONE
A5: ISTRUZIONI PER LA COMPILAZIONE
A6: • Compilare esclusivamente le celle evidenziate in GIALLO. Le celle bianche o azzurre contengono formule e si calcolano automaticamente.
A7: • Il presente file va trasmesso sia in formato Excel originale sia in PDF sottoscritto digitalmente (CAdES o PAdES) dal legale rappresentante (art. 10 dell’Avviso).
A8: • Tutti gli importi vanno indicati al lordo di qualsiasi imposta o onere, se non diversamente recuperabile.
A9: • Le spese ammissibili decorrono dalla data di invio della domanda (effetto di incentivazione) fino alla conclusione del progetto.
A10: • Sono ammissibili le spese sostenute nel territorio dei Comuni del Comprensorio di cui all’art. 5, comma 1, le quali concorrono al raggiungimento della soglia del 100% prevista dall’art. 6.1.
A11: • Sono ammissibili, in quanto sostenute nel territorio dei predetti Comuni, tra le altre, le spese per: strutture ricettive, alloggio e pernottamento della troupe e del cast; ristorazione, catering e servizi di mensa di lavorazione; trasporti, noleggio di automezzi e logistica; noleggio delle location e dei relativi spazi accessori, permessi e autorizzazioni; servizi di troupe, maestranze e professionalità tecniche e artistiche; mezzi tecnici, attrezzature e beni strumentali, anche a noleggio; scenografia, costumi, trucco e parrucco; servizi di sicurezza, vigilanza, assistenza sanitaria e antincendio sul set; utenze, allestimenti e servizi accessori direttamente connessi alla lavorazione.
A12: • La soglia del 100% nel Comprensorio non è derogabile e recepisce l’art. 6, comma 2, del Disciplinare delle modalità operative (D.G.R. n. 341 del 17/06/2026): le spese sostenute nel restante territorio regionale non concorrono al suo raggiungimento.
A13: • Almeno l’80% delle giornate di riprese in esterno dell’opera deve svolgersi nel territorio dei predetti Comuni; la percentuale non è calcolata sul totale delle giornate di lavorazione.
A14: • Gli obblighi di spesa territoriale complessivamente posti a carico del beneficiario non possono eccedere l’80% del bilancio complessivo di produzione (art. 54, par. 4, Reg. (UE) n. 651/2014).
... A25: Versione rettificata con Determinazione del Direttore Amministrativo n. ______ del ____________, pubblicata sul B.U.R.B. unitamente al provvedimento di rettifica.

Sheet 1. Piano dei costi
A1: ALLEGATO 2-bis — Foglio 1: PIANO DEI COSTI PER MACRO-VOCE (art. 6 dell’Avviso)
A3: Macro-voce di costo | B3: Costo totale (€) | C3: di cui spesa ammissibile sostenuta nei Comuni del Comprensorio (€)
A4: 1. Sviluppo e diritti (soggetto, sceneggiatura, diritti)
A5: 2. Personale artistico (cast, regia, direzione artistica)
A6: 3. Personale tecnico e troupe
A7: 4. Mezzi tecnici, attrezzature e noleggi
A8: 5. Scenografia, costumi, trucco e parrucco
A9: 6. Location, permessi e autorizzazioni
A10: 7. Trasporti, viaggi, vitto e alloggio
A11: 8. Post-produzione (montaggio, effetti, musiche, mix)
A12: 9. Assicurazioni, garanzie e oneri finanziari ammissibili
A13: 10. Spese generali e altri costi ammissibili
A14: TOTALE | B14: =SUM(B4:B13) -> 0 | C14: =SUM(C4:C13) -> 0
A15: Controllo: la spesa ammissibile nel Comprensorio non può eccedere il costo totale | B15: =IF(ROUND(C14,2)<=ROUND(B14,2),"QUADRATURA OK","ERRORE DI QUADRATURA") -> QUADRATURA OK
A17: Non sono ammissibili, per espressa previsione dell’art. 6, comma 5, del Disciplinare delle modalità operative approvato con D.G.R. Basilicata n. 341 del 17/06/2026 e dell’art. 6 dell’Avviso: l’acquisto di beni immobili; le ammende, le multe e le penali; le prestazioni effettuate dal titolare, dai soci, dall’amministratore e da coloro che ricoprono cariche sociali nell’impresa richiedente; le spese di manutenzione ordinaria; gli interessi passivi; l’IVA e ogni altro tributo recuperabile; le spese sostenute prima della data di invio della domanda.

Sheet 2. Elenco delle spese
A1: ALLEGATO 2-bis — Foglio 2: ELENCO ANALITICO DELLE SPESE PREVISTE
A3: N. | B3: Macro-voce | C3: Descrizione della spesa | D3: Fornitore / percipiente previsto | E3: Comune del Comprensorio | F3: Importo (€)
A4: 1
A5: 2
A6: 3
A7: 4
A8: 5
A9: 6
A10: 7
A11: 8
A12: 9
A13: 10
A14: 11
A15: 12
... A43: 40
E44: TOTALE | F44: =SUM(F4:F43) -> 0
A46: Nella colonna «Comune del Comprensorio» è indicato il Comune di cui all’art. 5, comma 1, nel cui territorio la spesa è sostenuta. Sono ammissibili, in quanto sostenute nel territorio dei predetti Comuni, tra le altre, le spese per: strutture ricettive, alloggio e pernottamento della troupe e del cast; ristorazione, catering e servizi di mensa di lavorazione; trasporti, noleggio di automezzi e logistica; noleggio delle location e dei relativi spazi accessori, permessi e autorizzazioni; servizi di troupe, maestranze e professionalità tecniche e artistiche; mezzi tecnici, attrezzature e beni strumentali, anche a noleggio; scenografia, costumi, trucco e parrucco; servizi di sicurezza, vigilanza, assistenza sanitaria e antincendio sul set; utenze, allestimenti e servizi accessori direttamente connessi alla lavorazione.

Sheet 3. Preventivo territoriale
A1: ALLEGATO 2-bis — Foglio 3: PREVENTIVO TERRITORIALE E VERIFICA DELLE SOGLIE
A3: A) RIEPILOGO DELLA SPESA AMMISSIBILE
A4: A) Spesa ammissibile prevista nei Comuni del Comprensorio (art. 5, comma 1) | B4: ='1. Piano dei costi'!C14 -> 0
A5: B) Contributo richiesto (€)
A6: C) Bilancio complessivo di produzione dell’opera (€) | B6: ='4. Bilancio di produzione'!B14 -> 0
A8: B) VERIFICA DELLE SOGLIE
A9: Verifica | B9: Valore | C9: Soglia | D9: Esito
A10: Rapporto tra la spesa nel Comprensorio e il contributo richiesto (A / B) | B10: =IF(B5=0,"",B4/B5) | C10: minimo 100% | D10: =IF(B10="","—",IF(B10>=1,"SODDISFATTO","NON SODDISFATTO")) -> —
A11: Incidenza dell’obbligo di spesa territoriale sul bilancio di produzione (A / C) | B11: =IF(B6=0,"",B4/B6) | C11: massimo 80% | D11: =IF(B11="","—",IF(B11<=0.8,"NEI LIMITI","OLTRE IL LIMITE GBER")) -> —
A13: Sono ammissibili le spese sostenute nel territorio dei Comuni di cui all’art. 5, comma 1, le quali concorrono al raggiungimento della soglia del 100% prevista dall’art. 6.1. Gli obblighi di spesa territoriale complessivamente posti a carico del beneficiario non possono in alcun caso eccedere l’80% del bilancio complessivo di produzione dell’opera, ai sensi dell’art. 54, paragrafo 4, del Regolamento (UE) n. 651/2014. Alla rendicontazione finale è allegato il prospetto di riconciliazione di cui all’Allegato 8; il mancato raggiungimento della soglia del 100% comporta la riduzione proporzionale del contributo. La soglia recepisce l’art. 6, comma 2, del Disciplinare delle modalità operative e non è derogabile.

Sheet 4. Bilancio di produzione
A1: ALLEGATO 2-bis — Foglio 4: BILANCIO TOTALE DI PRODUZIONE DELL’OPERA
A3: Voce | B3: Importo (€) | C3: Incidenza %
A4: 1. Sviluppo e diritti (soggetto, sceneggiatura, diritti) | C4: =IF($B$14=0,"",B4/$B$14)
A5: 2. Personale artistico (cast, regia, direzione artistica) | C5: =IF($B$14=0,"",B5/$B$14)
A6: 3. Personale tecnico e troupe | C6: =IF($B$14=0,"",B6/$B$14)
A7: 4. Mezzi tecnici, attrezzature e noleggi | C7: =IF($B$14=0,"",B7/$B$14)
A8: 5. Scenografia, costumi, trucco e parrucco | C8: =IF($B$14=0,"",B8/$B$14)
A9: 6. Location, permessi e autorizzazioni | C9: =IF($B$14=0,"",B9/$B$14)
A10: 7. Trasporti, viaggi, vitto e alloggio | C10: =IF($B$14=0,"",B10/$B$14)
A11: 8. Post-produzione (montaggio, effetti, musiche, mix) | C11: =IF($B$14=0,"",B11/$B$14)
A12: 9. Assicurazioni, garanzie e oneri finanziari ammissibili | C12: =IF($B$14=0,"",B12/$B$14)
A13: 10. Spese generali e altri costi ammissibili | C13: =IF($B$14=0,"",B13/$B$14)
A14: COSTO COMPLESSIVO DI PRODUZIONE (CG) | B14: =SUM(B4:B13) -> 0
A16: Il bilancio totale di produzione comprende l’intero costo dell’opera, anche per la parte non ammissibile a contribuzione e sostenuta fuori dal territorio regionale. Esso costituisce il denominatore ai fini della verifica del limite dell’80% previsto dall’art. 54, paragrafo 4, del Regolamento (UE) n. 651/2014.

Sheet 5. Contributo richiesto
A1: ALLEGATO 2-bis — Foglio 5: CONTRIBUTO RICHIESTO E VERIFICA DEI MASSIMALI
A3: A) DATI PER IL CALCOLO
A4: Tipologia di opera (documentario / fiction TV / lungometraggio / cortometraggio)
A5: Opera prima o seconda ovvero «difficile» (sì / no)
A6: Dimensione dell’impresa (micro / piccola / media)
A7: Totale spese ammissibili nei Comuni del Comprensorio | B7: ='3. Preventivo territoriale'!B6 -> 0
A8: Contributo richiesto (€) | B8: ='3. Preventivo territoriale'!B7 -> 0
A9: Intensità di aiuto richiesta (% sulle spese ammissibili) | B9: =IF(B7=0,"",B8/B7)
A10: Costo complessivo di produzione (CG) | B10: ='4. Bilancio di produzione'!B14 -> 0
A11: Copertura finanziaria diversa dal contributo LFC (€)
A12: Incidenza della copertura privata sul costo totale (minimo 30%) | B12: =IF(B10=0,"",B11/B10)
A14: B) MASSIMALI DI CONTRIBUTO (art. 4.1 dell’Avviso)
A15: Tipologia di opera | B15: Intensità massima | C15: Intensità per opere prime o seconde e opere «difficili» | D15: Importo massimo di contributo
A16: Documentario | B16: 70% | C16: 70% | D16: € 20.000,00
A17: Fiction TV | B17: 40% | C17: 50% | D17: € 250.000,00
A18: Lungometraggio | B18: 40% | C18: 50% | D18: € 250.000,00
A19: Cortometraggio | B19: 70% | C19: 70% | D19: € 30.000,00
A21: Per le medie imprese l’intensità di aiuto non può superare il 50%. Sono ammesse esclusivamente le micro, le piccole e le medie imprese. L’importo del contributo è determinato in applicazione della percentuale di intensità sulle spese ammissibili, nel rispetto del massimale previsto per la tipologia di opera; la copertura finanziaria diversa dal contributo non può essere inferiore al 30% del costo totale di progetto.
A23: C) REGIME DI AIUTO PRESCELTO
A24: Regime prescelto (esenzione ex art. 54 Reg. (UE) n. 651/2014 / de minimis ex Reg. (UE) 2023/2831)
A25: Aiuti già concessi o richiesti per la medesima opera (€)
A26: Aiuti de minimis percepiti nell’esercizio in corso e nei due precedenti (€)
A28: L’opzione per il regime di aiuto è esercitata nell’Allegato 3B e deve essere confermata prima dell’adozione del provvedimento di concessione.
